 Dungeon Crawl Stone Soup version 0.24.0-123-gd5b16e6ec5 (webtiles) character file.

Game seed: 16208670149485121721, levelgen mode: deterministic

9824 Defined the Cutter (level 11, -2/83 HPs)
             Began as a Gnoll Wanderer on Feb 10, 2020.
             Was a Priest of Nemelex Xobeh.
             Killed by divine providence
             ... invoked by Saint Roka
              (13 damage)
             ... on level 2 of the Orcish Mines.
             The game lasted 00:47:09 (10833 turns).

Defined the Cutter (Gnoll Wanderer)                Turns: 10833, Time: 00:47:10

Health: -2/83      AC: 18    Str: 19    XL:     11   Next: 52%
Magic:  20/20      EV:  8    Int: 16    God:    Nemelex Xobeh [***...]
Gold:   512        SH: 10    Dex: 19    Spells: 22/22 levels left

rFire    + . .     SeeInvis .   D - +5 long sword (elec)
rCold    . . .     Gourm    .   e - +0 shield
rNeg     + . .     Faith    .   H - +4 chain mail
rPois    .         Spirit   .   r - +2 hat of Itityss {rN+ Dex+3}
rElec    .         Reflect  .   L - +0 cloak
rCorr    +         Harm     .   C - +0 pair of gloves
MR       .....     Clarity  +   (no boots)
Stlth    ..........             (no amulet)
HPRegen  0.23/turn              h - ring of resist corrosion
MPRegen  0.17/turn              u - ring of protection from fire

@: heavily drained
A: distributed training, fangs 1, clarity, clever 1, strong 1, strong nose
a: Draw Escape, Draw Destruction, Draw Summoning, Triple Draw, Renounce Religion


You were on level 2 of the Orcish Mines.
You worshipped Nemelex Xobeh.
Nemelex Xobeh was most pleased with you.
You were hungry.

You visited 3 branches of the dungeon, and saw 13 of its levels.

You collected 944 gold pieces.
You spent 432 gold pieces at shops.

Inventory:

Hand Weapons
 b - a +0 hand crossbow
 g - a +0 dagger of venom
 x - the +7 dagger of the Dark Horse {protect, *Drain +Fly rElec rPois}
   (You bought it in a shop on level 1 of the Orcish Mines)

   It grants its wielder temporary protection when it strikes (+7 to AC).
   It insulates you from electricity.
   It protects you from poison.
   It lets you fly.
   It causes draining when unequipped.
 D - a +5 long sword of electrocution (weapon)
 G - the +5 fustibalus "Henoeh" {flame, rElec Str+3}
   (You bought it in a shop on level 1 of the Orcish Mines)

   It causes projectiles fired from it to burn those they strike, causing extra
   injury to most foes and up to half again as much damage against particularly
   susceptible opponents.
   It affects your strength (+3).
   It insulates you from electricity.
 M - a +0 flail of holy wrath
Missiles
 n - a throwing net (quivered)
 w - 18 poisoned darts
 z - 5 curare-tipped darts
 N - 7 silver boomerangs
Armour
 e - a +0 shield (worn)
 r - the +2 hat of Itityss (worn) {rN+ Dex+3}
   (You found it on level 7 of the Dungeon)

   It affects your dexterity (+3).
   It protects you from negative energy.
 C - a +0 pair of gloves (worn)
 H - a +4 chain mail (worn)
 L - a +0 cloak (worn)
Jewellery
 h - a ring of resist corrosion (left hand)
 u - a ring of protection from fire (right hand)
Wands
 y - a wand of polymorph (7)
 E - a wand of enslavement (14)
 F - a wand of flame (26)
 P - a wand of paralysis (8)
Scrolls
 d - 6 scrolls of teleportation
 i - a scroll of enchant weapon {unknown}
 k - 3 scrolls of immolation
 l - a scroll of brand weapon {unknown}
 m - a scroll of remove curse
 s - a scroll of blinking {unknown}
 t - 2 scrolls of random uselessness {unknown}
 J - a scroll of enchant armour {unknown}
 O - a scroll of identify
Potions
 c - a potion of curing
 j - 3 potions of flight
 p - a potion of resistance
 v - 3 potions of agility
 A - 5 potions of magic
 B - a potion of might
 I - a potion of mutation
 K - a potion of invisibility
Comestibles
 f - 17 rations


   Skills:
 + Level 6.8(5.3) Fighting
 + Level 7.8(6.3) Short Blades
 + Level 6.2(4.8) Long Blades
 + Level 6.2(4.8) Axes
 + Level 6.2(4.8) Maces & Flails
 + Level 6.2(4.8) Polearms
 + Level 6.2(4.8) Staves
 + Level 6.2(4.8) Slings
 + Level 6.2(4.8) Bows
 + Level 6.2(4.8) Crossbows
 + Level 6.8(5.3) Throwing
 + Level 6.2(4.8) Armour
 + Level 6.2(4.8) Dodging
 + Level 7.6(6.1) Stealth
 + Level 6.2(4.8) Shields
 + Level 6.2(4.8) Unarmed Combat
 + Level 6.2(4.8) Spellcasting
 + Level 5.2(3.7) Conjurations
 + Level 5.2(3.7) Hexes
 + Level 5.2(3.7) Charms
 + Level 5.2(3.7) Summonings
 + Level 5.2(3.7) Necromancy
 + Level 5.2(3.7) Translocations
 + Level 5.2(3.7) Transmutations
 + Level 6.5(5.0) Fire Magic
 + Level 5.2(3.7) Ice Magic
 + Level 5.6(4.2) Air Magic
 + Level 5.2(3.7) Earth Magic
 + Level 5.2(3.7) Poison Magic
 + Level 6.9(5.4) Invocations
 + Level 6.8(5.3) Evocations


You had 22 spell levels left.
You didn't know any spells.
Your spell library contained the following spells:

 Spells                   Type           Power        Failure   Level  Hunger
 Sandblast                Erth           ###...       80%         1    None
 Passwall                 Tmut/Erth      ###.....     90%         2    ##.....
 Stone Arrow              Conj/Erth      ###...       99%         3    ###....
 Petrify                  Tmut/Erth      ###.....     100%        4    ####...
 Lee's Rapid Deconstruct  Erth           ###.......   100%        5    ######.


Dungeon Overview and Level Annotations

Branches:
Dungeon (10/15)            Temple (1/1) D:4            Lair (0/6) D:9
    Orc (2/2) D:9             Elf (0/3) Orc:2

Altars:
Ashenzari
Cheibriados
Dithmenos
Elyvilon
Fedhas
Gozag
Hepliaklqana
Kikubaaqudgha
Makhleb
Nemelex Xobeh
Okawaru
Qazlal
Ru
Sif Muna
Trog
Uskayaw
Vehumet
Wu Jian
Xom
Yredelemnul
Zin
The Shining One

Shops:
D:7 :   Orc:1 (

Annotations:
Orc:2 Saint Roka


Innate Abilities, Weirdness & Mutations

Your experience applies equally to all skills.
You have very sharp teeth.
Your uncanny sense of smell can sniff out nearby items.
You possess an exceptional clarity of mind.
Your mind is acute. (Int +2)
Your muscles are strong. (Str +2)


Message History

* * * LOW HITPOINT WARNING * * *
As you read the scroll of fog, it crumbles to dust.
The scroll dissolves into smoke.
The orc warrior shouts!
The orc warrior hits you with a cursed -3 dire flail!
* * * LOW HITPOINT WARNING * * *
You block the ogre's attack.
The orc throws a boomerang.
You block the boomerang.
The weapon returns to the orc!
An orc priest comes into view. It is wielding a +0 trident.
You feel better.
The orc warrior hits you with a cursed -3 dire flail!
* * * LOW HITPOINT WARNING * * *
An orc comes into view. It is wielding a +0 flail.
The ogre closely misses you.
You riposte.
You hit the ogre. You bite the ogre.
The ogre is moderately wounded.
The orc high priest hits you but does no damage.
Saint Roka calls down the wrath of Beogh upon you.
Beogh smites you!
You die...
Your body disappears without a glow.

##**,,,,,*,,,,,*,,,,,*,*,,,+,,**
.##,,,,,..#..o.......#.#****,,,*
..#*,,,,....o..o........,,,,,,**
...*,,,,.ooo$T.oo.......,,,,,,,*
...*,,,,,o..............,,,,,,**
...,,,,,,,#.............,,,,,,**
...,,,,,,,##.)§§..§.....,,,,,,,*
...,,,,,..#...§§o§§.....,,,,,,**
..#,,,,,.....<§o@§§.....,,,,,,,*
...,,,,,....>.§O§§§.....,,,,,,,*
..o,,,,,.......§§§§.....,,,,,,,*
,,,,,,,,................,,,,,,,*
*,,,,,,*.......$........,,,,,,,*
,,,,,,,,......#.........,,,,,,,*
,,,,,,,,.....##.........,,,,,,,*
,,,,,,,,.....*..........,,,,,,,*
**,,,,,,**,,***,*,*,*,,,*,,,,,**


You could see Saint Roka, an orc high priest, 2 orc warriors, an ogre and 2
orcs.

Vanquished Creatures
  Pikel (D:9)
  An orc sorcerer (Orc:1)
  Maurice (D:9)
  A troll (D:9)
  3 hippogriffs
  Sigmund (D:5)
  4 yaks (D:10)
  A hungry ghost (D:7)
  3 wargs
  A slave (D:9)
  A sky beast (D:5)
  A black bear (D:9)
  An ice beast (D:6)
  11 orc warriors
  2 necrophages
  A hornet zombie (D:8)
  8 ogres
  2 phantoms
  4 centaurs
  6 big kobolds
  3 bullfrogs
  3 gnoll sergeants
  A wyvern zombie (D:7)
  6 scorpions
  10 killer bees
  4 wights (D:8)
  A crimson imp (D:8)
  A bullfrog zombie (D:5)
  A jelly (D:6)
  A hound (D:8)
  Crazy Yiuf (D:6)
  A quasit (D:7)
  14 orc priests
  A centaur skeleton (D:4)
  3 iguanas
  13 orc wizards
  11 worker ants
  13 gnolls
  12 adders
  A shadow imp (D:9)
  An adder skeleton (D:6)
  An adder zombie (D:9)
  5 worms
  A ball lightning (D:5)
  4 dart slugs
  5 leopard geckos
  50 orcs
  11 giant cockroaches
  4 goblins
  8 hobgoblins
  5 jackals
  10 kobolds
  2 quokkas
  3 ball pythons
  3 bats
  7 frilled lizards
  2 quokka skeletons (D:7)
  2 rats
  2 butterflies (D:9)
281 creatures vanquished.

Vanquished Creatures (collateral kills)
  An orc warrior (Orc:1)
  A centaur (Orc:1)
  A bullfrog (D:6)
  A water moccasin skeleton (D:8)
  An orc priest (D:8)
  An orc wizard (Orc:1)
  A worker ant (D:6)
  A shadow imp (D:8)
  5 orcs
  A leopard gecko zombie (D:6)
14 creatures vanquished.

Vanquished Creatures (others)
  An ogre (D:8)
  A big kobold (D:9)
  A gnoll sergeant (D:9)
  An orc wizard (D:5)
  3 ball lightnings
  5 orcs
  9 fungi
  5 toadstools (D:5)
26 creatures vanquished.

Grand Total: 321 creatures vanquished

Notes
Turn   | Place    | Note
-------+----------+-------------------------------------------
     0 | D:1      | Defined the Gnoll Wanderer began the quest for the Orb.
     0 | D:1      | Defined set off with the following items: a +2 dagger, a
                  | curare-tipped dart, a potion of curing, a scroll of
                  | teleportation, a +0 robe, a ration
     0 | D:1      | Reached XP level 1. HP: 17/17 MP: 2/2
   175 | D:1      | Reached XP level 2. HP: 23/23 MP: 3/3
   567 | D:2      | Reached XP level 3. HP: 28/28 MP: 4/4
   795 | D:2      | Reached skill level 1 in Invocations
   850 | D:2      | Reached skill level 1 in Long Blades
   850 | D:2      | Reached skill level 1 in Axes
   850 | D:2      | Reached skill level 1 in Maces & Flails
   850 | D:2      | Reached skill level 1 in Polearms
   850 | D:2      | Reached skill level 1 in Staves
   850 | D:2      | Reached skill level 1 in Slings
   850 | D:2      | Reached skill level 1 in Bows
   850 | D:2      | Reached skill level 1 in Crossbows
   850 | D:2      | Reached skill level 1 in Armour
   850 | D:2      | Reached skill level 1 in Dodging
   850 | D:2      | Reached skill level 1 in Shields
   850 | D:2      | Reached skill level 1 in Unarmed Combat
   850 | D:2      | Reached skill level 1 in Spellcasting
   850 | D:2      | Reached XP level 4. HP: 27/34 MP: 4/6
   991 | D:2      | Reached skill level 1 in Conjurations
   991 | D:2      | Reached skill level 1 in Hexes
   991 | D:2      | Reached skill level 1 in Charms
   991 | D:2      | Reached skill level 1 in Summonings
   991 | D:2      | Reached skill level 1 in Necromancy
   991 | D:2      | Reached skill level 1 in Translocations
   991 | D:2      | Reached skill level 1 in Transmutations
   991 | D:2      | Reached skill level 1 in Ice Magic
   991 | D:2      | Reached skill level 1 in Earth Magic
   991 | D:2      | Reached skill level 1 in Poison Magic
  1473 | D:2      | Reached XP level 5. HP: 38/40 MP: 7/7
  1959 | D:3      | Noticed a phantom
  2415 | D:4      | Found a staircase to the Ecumenical Temple.
  2431 | Temple   | Entered the Ecumenical Temple
  2695 | Temple   | Became a worshipper of Nemelex Xobeh the Trickster
  2745 | D:4      | Reached XP level 6. HP: 37/47 MP: 8/8
  3002 | D:4      | Received a gift from Nemelex Xobeh
  3211 | D:4      | Reached skill level 5 in Short Blades
  3280 | D:4      | Reached XP level 7. HP: 51/52 MP: 10/10
  3623 | D:5      | Entered Level 5 of the Dungeon
  4097 | D:5      | HP: 2/52 [gnoll/+0 flail (3)]
  4103 | D:5      | Gained mutation: Your muscles are strong. (Str +2) [potion
                  | of mutation]
  4103 | D:5      | Gained mutation: You possess an exceptional clarity of
                  | mind. [potion of mutation]
  4103 | D:5      | Gained mutation: Your mind is acute. (Int +2) [potion of
                  | mutation]
  4585 | D:5      | Reached * piety under Nemelex Xobeh
  4618 | D:5      | Reached skill level 5 in Stealth
  4692 | D:5      | Reached XP level 8. HP: 52/60 MP: 12/12
  4958 | D:5      | Noticed Sigmund
  4977 | D:5      | Killed Sigmund
  5722 | D:6      | Reached XP level 9. HP: 53/66 MP: 14/14
  5800 | D:6      | Received a gift from Nemelex Xobeh
  5880 | D:6      | Found a runed translucent door.
  5881 | D:6      | Noticed Crazy Yiuf
  5891 | D:6      | Killed Crazy Yiuf
  5954 | D:7      | Reached skill level 5 in Fire Magic
  6002 | D:7      | Found Tihejoro's Book Shoppe.
  6054 | D:7      | Reached ** piety under Nemelex Xobeh
  6325 | D:7      | Got a spiked hat
  6331 | D:7      | Identified the +2 hat of Itityss {rN+ Dex+3} (You found it
                  | on level 7 of the Dungeon)
  6570 | D:7      | Received a gift from Nemelex Xobeh
  6648 | D:8      | Reached skill level 5 in Fighting
  6648 | D:8      | Reached skill level 5 in Throwing
  6648 | D:8      | Reached skill level 5 in Evocations
  7176 | D:8      | Reached skill level 5 in Invocations
  7380 | D:8      | Reached XP level 10. HP: 69/74 MP: 17/17
  7609 | D:8      | Found a basalt altar of Yredelemnul.
  7623 | D:8      | Received a gift from Nemelex Xobeh
  7724 | D:8      | Reached *** piety under Nemelex Xobeh
  7904 | D:9      | Received a gift from Nemelex Xobeh
  7965 | D:9      | Found a staircase to the Lair.
  8297 | D:9      | Found a staircase to the Orcish Mines.
  8300 | D:9      | Reached skill level 5 in Long Blades
  8300 | D:9      | Reached skill level 5 in Axes
  8300 | D:9      | Reached skill level 5 in Maces & Flails
  8300 | D:9      | Reached skill level 5 in Polearms
  8300 | D:9      | Reached skill level 5 in Staves
  8300 | D:9      | Reached skill level 5 in Slings
  8300 | D:9      | Reached skill level 5 in Bows
  8300 | D:9      | Reached skill level 5 in Crossbows
  8300 | D:9      | Reached skill level 5 in Armour
  8300 | D:9      | Reached skill level 5 in Dodging
  8300 | D:9      | Reached skill level 5 in Shields
  8300 | D:9      | Reached skill level 5 in Unarmed Combat
  8300 | D:9      | Reached skill level 5 in Spellcasting
  8444 | D:9      | Noticed Pikel
  8462 | D:9      | Killed Pikel
  8462 | D:9      | Reached skill level 5 in Air Magic
  8463 | D:9      | Found a runed translucent door.
  8465 | D:9      | Found a runed translucent door.
  8478 | D:9      | Noticed Maurice
  8504 | D:9      | Killed Maurice
  8851 | D:10     | Entered Level 10 of the Dungeon
  8891 | D:10     | Reached XP level 11. HP: 15/82 MP: 19/19
  9237 | Orc:1    | Entered Level 1 of the Orcish Mines
  9249 | Orc:1    | You fall into a shaft and drop 1 floor!
  9249 | Orc:2    | Entered Level 2 of the Orcish Mines
  9302 | Orc:1    | Noticed an orc knight
  9343 | Orc:1    | an orc knight changed into a hippogriff
  9730 | Orc:1    | Reached skill level 5 in Conjurations
  9730 | Orc:1    | Reached skill level 5 in Hexes
  9730 | Orc:1    | Reached skill level 5 in Charms
  9730 | Orc:1    | Reached skill level 5 in Summonings
  9730 | Orc:1    | Reached skill level 5 in Necromancy
  9730 | Orc:1    | Reached skill level 5 in Translocations
  9730 | Orc:1    | Reached skill level 5 in Transmutations
  9730 | Orc:1    | Reached skill level 5 in Ice Magic
  9730 | Orc:1    | Reached skill level 5 in Earth Magic
  9730 | Orc:1    | Reached skill level 5 in Poison Magic
  9741 | Orc:1    | Noticed an orc sorcerer
  9745 | Orc:1    | Noticed a soul eater
  9749 | Orc:1    | Killed an orc sorcerer
 10140 | Orc:1    | Received a gift from Nemelex Xobeh
 10160 | Orc:1    | Found Benoir's Antique Weapon Boutique.
 10256 | Orc:1    | Bought a crystal dagger for 112 gold pieces
 10256 | Orc:1    | Bought a crude fustibalus for 320 gold pieces
 10256 | Orc:1    | Identified the +7 dagger of the Dark Horse {protect, *Drain
                  | +Fly rElec rPois} (You bought it in a shop on level 1 of
                  | the Orcish Mines)
 10257 | Orc:1    | Identified the +5 fustibalus "Henoeh" {flame, rElec Str+3}
                  | (You bought it in a shop on level 1 of the Orcish Mines)
 10809 | Orc:2    | Found a staircase to the Elven Halls.
 10809 | Orc:2    | Received a gift from Nemelex Xobeh
 10827 | Orc:2    | Noticed an orc high priest
 10829 | Orc:2    | Noticed Saint Roka
 10831 | Orc:2    | Noticed an orc sorcerer
 10833 | Orc:2    | Killed from afar by Saint Roka

Levels and vault maps discovered:
D:1:      lemuel_arrival_river_ford, layout_rooms
D:2:      layout_basic, first_ration
D:3:      layout_loops_ring
D:4:      layout_basic, minmay_temple_entry_hall
D:5:      layout_basic, hangedman_decor_push, minmay_misc_feat_encased,
          minmay_gold_behind_fungi, uniq_sigmund
D:6:      layout_cave_pools, uniq_crazy_yiuf_cottage
D:7:      layout_layer_cave, serial_shops, nicolae_shop_trees
D:8:      layout_basic, yredelemnul_altar_generic
D:9:      lemuel_insect_pit, layout_loops_cross, grunt_lair_entry_orc_guard_hut,
          kennysheep_orc_monster_closet_entryway, uniq_maurice, uniq_pikel
D:10:     layout_cave_pools, hellmonk_ghost_happy_afterlife
Temple:   nicolae_temple_the_god_donut
Orc:1:    layout_caves, serial_shops, shop, minmay_orc_keep
Orc:2:    grunt_orc_community_town_hall, layout_caves,
          grunt_orc_community_big_house_1, grunt_orc_community_big_house_1,
          grunt_orc_community_house_1, grunt_orc_community_house_2,
          grunt_orc_community_house_3, grunt_orc_community_house_2, basic_altar,
          minmay_orc_temple_c, uniq_nessos, uniq_saint_roka, uniq_sonja

Skill      XL: |  1  2  3  4  5  6  7  8  9 10 11 |
---------------+----------------------------------+-----
Air Magic      | 2 3 4 5 |  5.6
Invocations    | 1 2 3 4 5 6 |  6.9
Long Blades    | 1 2 3 4 5 6 |  6.2
Axes           | 1 2 3 4 5 6 |  6.2
Maces & Flails | 1 2 3 4 5 6 |  6.2
Polearms       | 1 2 3 4 5 6 |  6.2
Staves         | 1 2 3 4 5 6 |  6.2
Slings         | 1 2 3 4 5 6 |  6.2
Bows           | 1 2 3 4 5 6 |  6.2
Crossbows      | 1 2 3 4 5 6 |  6.2
Armour         | 1 2 3 4 5 6 |  6.2
Dodging        | 1 2 3 4 5 6 |  6.2
Shields        | 1 2 3 4 5 6 |  6.2
Unarmed Combat | 1 2 3 4 5 6 |  6.2
Spellcasting   | 1 2 3 4 5 6 |  6.2
Conjurations   | 1 2 3 4 5 |  5.2
Hexes          | 1 2 3 4 5 |  5.2
Charms         | 1 2 3 4 5 |  5.2
Summonings     | 1 2 3 4 5 |  5.2
Necromancy     | 1 2 3 4 5 |  5.2
Translocations | 1 2 3 4 5 |  5.2
Transmutations | 1 2 3 4 5 |  5.2
Ice Magic      | 1 2 3 4 5 |  5.2
Earth Magic    | 1 2 3 4 5 |  5.2
Poison Magic   | 1 2 3 4 5 |  5.2
Fighting       | 3 4 5 6 |  6.8
Throwing       | 3 4 5 6 |  6.8
Evocations     | 3 4 5 6 |  6.8
Fire Magic     | 4 5 6 |  6.5
Short Blades   | 5 6 7 |  7.8
Stealth        | 5 6 7 |  7.6

Action                   |  1- 3 |  4- 6 |  7- 9 | 10-12 || total
-------------------------+-------+-------+-------+-------++-------
Melee: Dagger            |   101 |    17 |    39 |       ||   157
       Bite              |    13 |    19 |    50 |    52 ||   134
       Halberd           |       |    64 |       |       ||    64
       Short sword       |       |    82 |    17 |       ||    99
       Punch             |       |     1 |       |       ||     1
       Spear             |       |       |   152 |       ||   152
       Long sword        |       |       |    78 |   301 ||   379
       Hand axe          |       |       |    28 |       ||    28
       Unarmed           |       |       |       |     2 ||     2
Throw: Dart              |       |     3 |     7 |       ||    10
       Stone             |       |    10 |       |       ||    10
 Abil: Draw Destruction  |       |     2 |    10 |    11 ||    23
       Draw Escape       |       |       |     2 |     4 ||     6
       Draw Summoning    |       |       |     2 |     2 ||     4
Evoke: Wand              |       |       |       |     5 ||     5
  Use: Scroll            |     6 |       |       |    10 ||    16
       Potion            |       |     1 |     5 |     5 ||    11
 Stab: Sleeping          |     4 |     5 |       |       ||     9
       Paralysed         |       |       |       |     3 ||     3
       Distracted        |       |       |       |     1 ||     1
  Eat: Chunk             |       |     8 |    15 |     8 ||    31
       Ration            |       |       |       |     1 ||     1
Armor: Ring mail         |    16 |    31 |       |       ||    47
       Chain mail        |       |     4 |   139 |   122 ||   265
       Plate armour      |       |       |       |    85 ||    85
Dodge: Dodged            |    41 |    93 |   131 |   148 ||   413
Block: Buckler           |       |       |    46 |    20 ||    66
       Shield            |       |       |       |   194 ||   194
       Rpst.: Long sword |       |       |    11 |    43 ||    54
